 Dungeon Crawl Stone Soup version 0.24-a0-420-g24607be9ce (webtiles) character file.

Game seed: 6815121445177922846

51 Amnesiac the Magician (level 3, -2/14 HPs)
             Began as a Felid Air Elementalist on June 11, 2019.
             Slain by a gnoll
             ... wielding a +0 halberd
              (13 damage)
             ... on level 3 of the Dungeon.
             The game lasted 00:06:34 (1048 turns).

Amnesiac the Magician (Felid Air Elementalist)      Turns: 1048, Time: 00:06:35

Health: -2/14      AC:  1    Str:  4    XL:     3   Next: 57%
Magic:  5/9        EV: 18    Int: 17    God:
Gold:   40         SH:  0    Dex: 16    Spells: 8/9 levels left
                                        Lives:  0   Deaths: 0

rFire    . . .     SeeInvis +   (weapon unavailable)
rCold    . . .     Gourm    .   (shield unavailable)
rNeg     . . .     Faith    .   (armour unavailable)
rPois    .         Spirit   .   (helmet unavailable)
rElec    .         Reflect  .   (cloak unavailable)
rCorr    .         Harm     .   (gloves unavailable)
MR       .....                  (boots unavailable)
Stlth    +++.......             (no amulet)
HPRegen  0.04/turn              (no ring)
MPRegen  0.11/turn              (no ring)

@: quick
A: very small, no armour, no weapons or thrown items, stealth, claws 1, fangs 3,
see invisible, carnivore, speed 1, shaggy fur 1, slow metabolism 1, sharp paws
a: no special abilities


You were on level 3 of the Dungeon.
You were completely stuffed.

You visited 1 branch of the dungeon, and saw 3 of its levels.

You collected 40 gold pieces.

Inventory:

Jewellery
 c - an uncursed ring of fire {unknown}
Scrolls
 a - a scroll of remove curse {!r, unknown}
 e - a scroll of immolation {!r, unknown}
 g - a scroll of amnesia {!r, unknown}
Potions
 f - a potion of curing {!q, unknown}
Comestibles
 b - 2 rations
 d - 6 chunks of flesh


   Skills:
 - Level 2.6 Dodging
 + Level 3.3 Stealth
 * Level 3.5 Spellcasting
 - Level 0.8 Conjurations
 - Level 2.6 Air Magic


You had 8 spell levels left.
You knew the following spells:

 Your Spells              Type           Power        Failure   Level  Hunger
a - Shock                 Conj/Air       #...         9%          1    None

Your spell library contained the following spells:

 Spells                   Type           Power        Failure   Level  Hunger
 Swiftness                Chrm/Air       #.......     14%         2    ##.....
 Static Discharge         Conj/Air       #.......     24%         3    ###....
 Airstrike                Air            ##........   50%         4    ####...
 Lightning Bolt           Conj/Air       #.........   92%         5    ######.


Dungeon Overview and Level Annotations

Branches:
Dungeon (3/15)

Altars:
Zin


Innate Abilities, Weirdness & Mutations

You cannot wear armour.
You are incapable of wielding weapons or throwing items.
Your paws allow you to move quietly. (Stealth)
You have sharp claws.
You have razor-sharp teeth.
You have supernaturally acute eyesight. (SInv)
You are carnivorous and can eat meat at any time.
You cover ground quickly.
You are covered in fur. (AC +1)
You have a slow metabolism.
Your sharp claws are effective at attacking unaware monsters.


Message History

The zap hits the bat.
You kill the bat!
Casting: Shock (safe; 9% risk of failure)
Confirm with . or Enter, or press ? or * to list all spells.
You can't see any susceptible monsters within range! (Use Z to cast anyway.)
Okay, then.
f - a purple potion {!q} Magic restored.
You see here a runed chain mail.
g - a scroll labeled WENWUO IJUSARI {!r}
There is a stone staircase leading down here.
You climb downwards. 3 gnolls come into view.
A gnoll is wielding a +0 whip of draining.
The gnoll shouts!
You hear a shout! x3; The gnoll shouts!
There is a stone staircase leading up here.
A gnoll comes into view. It is wielding a +0 halberd.
The gnoll completely misses you.
A goblin comes into view. It is wielding a +0 club.
The gnoll hits you but does no damage.
The goblin shouts!
The goblin unwields a +0 club.
The goblin wields a +0 hunting sling.
The goblin shoots a stone.
The stone hits you.
Found 13 gold pieces and a scroll labeled EFATECSATEHO.
You see here 13 gold pieces.
Found a stone staircase leading down.
Found a spear.
Found a scroll labeled VETEUNGENIR.
Press: ? - help, v - describe, . - travel The floor.
Casting: Shock (safe; 9% risk of failure)
Confirm with . or Enter, or press ? or * to list all spells.
Aiming: Shock (safe; 9% risk of failure)
Press: ? - help, Shift-Dir - straight line The zap hits the gnoll.
The gnoll is moderately wounded.
The zap hits the gnoll.
The gnoll is moderately wounded.
Casting: Shock (safe; 9% risk of failure)
Confirm with . or Enter, or press ? or * to list all spells.
Aiming: Shock (safe; 9% risk of failure)
Press: ? - help, Shift-Dir - straight line The zap misses the gnoll. x2; The gnoll misses you.
Sorry, you're not good enough to have a special ability.
Unknown command.
Casting: Shock (safe; 9% risk of failure)
Confirm with . or Enter, or press ? or * to list all spells.
Aiming: Shock (safe; 9% risk of failure)
Press: ? - help, Shift-Dir - straight line The zap misses the gnoll.
The zap hits the gnoll.
The gnoll is heavily wounded.
The gnoll closely misses you.
An orc comes into view. It is wielding a +0 short sword.
Casting: Shock (safe; 9% risk of failure)
Confirm with . or Enter, or press ? or * to list all spells.
Aiming: Shock (safe; 9% risk of failure)
Press: ? - help, Shift-Dir - straight line The zap hits the gnoll.
The gnoll is severely wounded.
The zap hits the gnoll.
The gnoll is almost dead.
The gnoll hits you from afar with a +0 halberd!
Ouch! That really hurt!
You die...

###########
#.g.@.....#####
#.#######o#.gg#
#.#.g.g.#.#.#g...#
#.#.###.#...#g##.#
######g#.##....#...#
#
.)........>#..#g#.###
#######.#..#..#.#.#
#.#######.#.# #.?
g...#


You could see a gnoll and an orc.

Vanquished Creatures
  A gnoll (D:2)
  A dart slug (D:1)
  3 leopard geckos (D:1)
  6 bats
  2 giant cockroaches (D:1)
  2 hobgoblins (D:1)
  5 jackals (D:1)
  5 kobolds (D:1)
  3 frilled lizards
  8 rats
36 creatures vanquished.

Notes
Turn   | Place    | Note
-------+----------+-------------------------------------------
     0 | D:1      | Amnesiac the Felid Air Elementalist began the quest for the
                  | Orb.
     0 | D:1      | Reached XP level 1. HP: 7/7 MP: 4/4
   134 | D:1      | Reached XP level 2. HP: 3/11 MP: 0/6
   605 | D:1      | Reached XP level 3. HP: 13/14 MP: 3/8
   865 | D:2      | Found a glowing silver altar of Zin.
  1048 | D:3      | Slain by a gnoll

Levels and vault maps discovered:
D:1:      eino_arrival_druids_welcome, layout_basic
D:2:      layout_loops_ring, tgw_trog, old_standard_altar,
          kennysheep_slug_shrine
D:3:      layout_basic, nemelex_diamond_rough_becter

Skill      XL: |  1  2 |
---------------+-------+-----
Spellcasting   | 3 |  3.5
Stealth        | 3 |  3.3
Dodging        | |  2.6
Conjurations   | |  0.8
Air Magic      | |  2.6

Action                   || total
-------------------------++-------
Melee: Unarmed           ||    18
 Cast: Shock             ||    64
 Stab: Sleeping          ||     1
  Eat: Chunk             ||     8
Armor: Skin              ||     2
Dodge: Dodged            ||    37

Table legend:
 A = Non-vault XP
 B = Vault XP
 C = Vault XP percentage of total XP
 D = Non-vault monster count
 E = Vault monster count
 F = Vault count percentage of total count
                 A         B        C        D         E       F
            +---------+---------+-------+---------+---------+-------
      Total |      73 |       0 |   0.0 |      36 |       0 |   0.0
            +---------+---------+-------+---------+---------+-------
        D:1 |      53 |       0 |   0.0 |      29 |       0 |   0.0
        D:2 |      20 |       0 |   0.0 |       7 |       0 |   0.0
            +---------+---------+-------+---------+---------+-------
